 Dungeon Crawl Stone Soup version 0.23.0-3-gf3c87f2df8 (webtiles) character file.

Game seed: 7236446022189790709

18340 Enish the Severer (level 12, 0/112 HPs)
             Began as a Minotaur Berserker on Feb 24, 2019.
             Was a High Priest of Trog.
             Shot with an arrow by Nessos (1 damage)
             ... on level 13 of the Dungeon.
             The game lasted 00:11:08 (11133 turns).

Enish the Severer (Minotaur Berserker)             Turns: 11133, Time: 00:11:09

Health: 0/112      AC: 17    Str: 26    XL:     12   Next: 26%
Magic:  0/9        EV: 19    Int:  4    God:    Trog [*****.]
Gold:   180        SH:  0    Dex: 20    Spells: 11/11 levels left

rFire    . . .     SeeInvis .   F - +9 battleaxe
rCold    + . .     Gourm    .   (shield currently unavailable)
rNeg     + . .     Faith    .   H - +2 ring mail "Siohul" {rPois Str+3 Dex+6}
rPois    +         Spirit   +   B - +2 hat {MR+}
rElec    .         Reflect  .   u - scarf {Spirit}
rCorr    .         Harm     .   (no gloves)
MR       +....                  z - +2 pair of boots
Stlth    +.........             (no amulet)
HPRegen  0.28/turn              p - +3 ring of protection
MPRegen  0.11/turn              n - ring of positive energy

@: lethally poisoned (0 -> -13), berserk cooldown, slowed, very slow
A: retaliatory headbutt, horns 2, cold resistance 1, low mp 1, screaming 1,
MP-powered wands
a: Berserk, Trog's Hand, Brothers in Arms, Renounce Religion


You were on level 13 of the Dungeon.
You worshipped Trog.
Trog was extremely pleased with you.
You were hungry.

You visited 2 branches of the dungeon, and saw 13 of its levels.

You collected 797 gold pieces.
You spent 617 gold pieces at shops.

Inventory:

Hand Weapons
 a - a +1 hand axe
 C - a +0 war axe
   (You found it on level 6 of the Dungeon)
 F - a +9 battleaxe (weapon)
   (You took it off a wight on level 7 of the Dungeon)
Armour
 b - a +0 animal skin
 d - a +0 plate armour
   (You found it on level 3 of the Dungeon)
 u - a scarf of spirit shield (worn)
   (You found it on level 5 of the Dungeon)
 x - a +0 ring mail
   (You found it on level 1 of the Dungeon)
 z - a +2 pair of boots (worn)
   (You found it on level 6 of the Dungeon)
 A - a +0 shield
   (You took it off a gnoll sergeant on level 6 of the Dungeon)
 B - a +2 hat of magic resistance (worn)
   (You found it on level 9 of the Dungeon)
 H - the +2 ring mail "Siohul" (worn) {rPois Str+3 Dex+6}
   (You bought it in a shop on level 4 of the Dungeon)

   It affects your strength (+3).
   It affects your dexterity (+6).
   It protects you from poison.
Jewellery
 g - an uncursed ring of fire
   (You found it on level 3 of the Dungeon)
 i - an uncursed ring of see invisible
   (You found it on level 3 of the Dungeon)
 n - a ring of positive energy (right hand)
   (You found it on level 7 of the Dungeon)
 p - a +3 ring of protection (left hand)
   (You found it on level 2 of the Dungeon)
 y - an uncursed ring of fire
   (You found it on level 6 of the Dungeon)
Wands
 l - a wand of iceblast (10)
   (You found it on level 4 of the Dungeon)
 v - a wand of digging (8)
   (You took it off Edmund on level 4 of the Dungeon)
 D - a wand of acid (10)
   (You found it on level 8 of the Dungeon)
Scrolls
 f - 3 scrolls of magic mapping
 j - a scroll of noise {unknown}
 m - 4 scrolls of fog
 r - 6 scrolls of identify
 t - 4 scrolls of teleportation
 w - 8 scrolls of remove curse
 E - 2 scrolls of random uselessness
 J - a scroll of silence {unknown}
Potions
 c - 2 potions of lignification
 h - 3 potions of haste
 k - a potion of heal wounds
 o - 2 potions of brilliance
 q - 7 potions of curing
 s - a potion of agility
 G - a potion of ambrosia
 K - a potion of berserk rage {unknown}
Comestibles
 e - 13 rations
 I - 5 chunks of flesh


   Skills:
 + Level 12.0 Fighting
 * Level 15.8 Axes
 - Level 9.4 Armour
 + Level 9.5 Dodging
 - Level 3.0 Shields


You had 11 spell levels left.
You didn't know any spells.
Your spell library was empty.

Dungeon Overview and Level Annotations

Branches:
Dungeon (11/15)            Temple (1/1) D:6            Lair (0/6) D:11
    Orc (0/2) D:11         Vaults (0/5) D:13

Altars:
Ashenzari
Cheibriados
Dithmenos
Elyvilon
Fedhas
Gozag
Hepliaklqana
Kikubaaqudgha
Makhleb
Okawaru
Ru
Sif Muna
Uskayaw
Wu Jian
Xom
Yredelemnul
Zin
The Shining One

Shops:
D:4 [

Annotations:
D:13 Nessos


Innate Abilities, Weirdness & Mutations

You reflexively headbutt those who attack you in melee.
You have a pair of horns on your head.
Your flesh is cold resistant. (rC+)
Your magical capacity is low. (-10% MP)
You occasionally shout uncontrollably at your foes.
You expend magic power (3 MP) to strengthen your wands.


Message History

Nessos shoots an arrow.
The arrow misses you.
Nessos shoots an arrow.
The arrow hits you. The arrow burns you.
You are poisoned.
Your ogre goes berserk!
You feel quite a bit more hungry.
You feel sick.
Nessos shoots an arrow.
The arrow completely misses you.
Nessos shoots an arrow.
The arrow hits you but does no damage.
You feel sick.
Nessos shoots an arrow.
The arrow hits you! The arrow burns you.
Nessos blinks!
You see here an arrow.
You feel sick.
Nessos shoots an arrow.
The arrow hits you! The arrow burns you.
Nessos shoots an arrow.
The arrow hits you!!
* * * LOW HITPOINT WARNING * * *
The arrow burns you!
* * * LOW HITPOINT WARNING * * *
Nessos shoots an arrow.
The arrow hits you!
* * * LOW HITPOINT WARNING * * *
The arrow burns you.
You are more poisoned.
You die...

#.##....##..##.# #.
#..[......#.#
#.###..###).....
###+#.....##......
#.(...............
#.........#.......
#.(.......#.....#.
#.###(.#.....#.......
#...@.O.....>.......#
#####..#............#
########(.#.####.......#
......†(§.c...##..######
.......†(.....##..#
..............##..#
..............##..#
.#####........##..#
#.####.###


You could see Nessos and a friendly ogre (berserk).

Vanquished Creatures
  Fannar (D:10)
  Erolcha (D:11)
  2 dancing weapons (D:13)
  3 death yaks (D:11)
  A tengu warrior (D:13)
  Pikel (D:5)
  A wolf spider zombie (D:13)
  2 ugly things (D:13)
  2 centaur skeletons
  A tengu conjurer (D:13)
  2 trolls
  3 slime creatures (D:13)
  A hippogriff (D:13)
  3 hornets (D:11)
  A shadow (D:13)
  13 yaks
  A wyvern (D:11)
  Grum (D:9)
  4 hungry ghosts
  Edmund (D:4)
  A water moccasin (D:4)
  A soldier ant (D:13)
  A sky beast (D:5)
  4 ice beasts
  2 black bears
  3 orc warriors
  3 wolves (D:9)
  An eye of draining (D:11)
  6 ogres
  4 centaurs
  2 big kobolds
  Blork the orc (D:4)
  5 bullfrogs
  A wyvern zombie (D:10)
  A gnoll sergeant (D:6)
  5 scorpions
  3 wights (D:7)
  3 howler monkeys
  3 bullfrog zombies
  2 crimson imps (D:6)
  2 centaur zombies
  5 jellies
  5 hounds
  8 orc wizards
  2 bullfrog skeletons
  6 orc priests
  2 iguanas
  3 hell rats (D:11)
  11 worker ants
  A hound skeleton (D:10)
  Robin (D:3)
  A howler monkey skeleton (D:8)
  13 adders
  12 gnolls
  A shadow imp (D:7)
  2 oozes (D:3)
  4 worms
  5 dart slugs
  4 leopard geckos
  24 orcs
  7 bats
  2 giant cockroaches
  19 goblins
  9 hobgoblins
  28 jackals
  8 quokkas
  2 frilled lizards (D:2)
  7 kobolds
  2 leopard gecko skeletons (D:4)
  A leopard gecko zombie (D:6)
  A quokka skeleton (D:8)
  5 rats
300 creatures vanquished.

Vanquished Creatures (collateral kills)
  A hydra (D:11)
1 creature vanquished.

Vanquished Creatures (others)
  A slave (D:5)
1 creature vanquished.

Grand Total: 302 creatures vanquished

Notes
Turn   | Place    | Note
-------+----------+-------------------------------------------
     0 | D:1      | Enish the Minotaur Berserker began the quest for the Orb.
     0 | D:1      | Reached XP level 1. HP: 19/19 MP: 0/0
   615 | D:1      | Reached XP level 2. HP: 27/27 MP: 1/1
   801 | D:1      | Reached skill level 4 in Axes
  1387 | D:2      | Reached XP level 3. HP: 30/33 MP: 2/2
  1594 | D:2      | Reached ** piety under Trog
  1790 | D:2      | Reached XP level 4. HP: 32/40 MP: 3/3
  2622 | D:3      | Reached skill level 5 in Axes
  2670 | D:3      | Reached XP level 5. HP: 47/47 MP: 4/4
  2979 | D:3      | Found a shadowy altar of Dithmenos.
  3332 | D:3      | Noticed Robin
  3335 | D:3      | Noticed an ogre
  3339 | D:3      | Found a shimmering altar of Xom.
  3344 | D:3      | Killed an ogre
  3344 | D:3      | Reached XP level 6. HP: 41/55 MP: 5/5
  3353 | D:3      | Gained mutation: You are somewhat resistant to further
                  | mutation. [potion of mutation]
  3360 | D:3      | Reached *** piety under Trog
  3362 | D:3      | Killed Robin
  3362 | D:3      | Reached skill level 5 in Fighting
  3498 | D:4      | Reached skill level 6 in Axes
  3565 | D:4      | Found Zugh's Armour Shop.
  3687 | D:4      | Found a burning altar of Makhleb.
  3968 | D:4      | Reached XP level 7. HP: 58/61 MP: 6/6
  3979 | D:4      | Noticed Blork the orc
  3989 | D:4      | Killed Blork the orc
  4143 | D:4      | Found a snail-covered altar of Cheibriados.
  4297 | D:4      | Reached skill level 7 in Axes
  4590 | D:4      | Noticed Edmund
  4612 | D:4      | Killed Edmund
  4612 | D:4      | Reached skill level 5 in Armour
  4801 | D:5      | Entered Level 5 of the Dungeon
  5150 | D:5      | Reached skill level 5 in Dodging
  5150 | D:5      | Reached XP level 8. HP: 67/70 MP: 7/7
  5196 | D:5      | Noticed Pikel
  5205 | D:5      | Killed Pikel
  5205 | D:5      | Reached skill level 8 in Axes
  5422 | D:5      | Reached skill level 9 in Axes
  5956 | D:6      | Found a staircase to the Ecumenical Temple.
  6015 | D:6      | Found a blossoming altar of Fedhas.
  6133 | D:6      | Reached **** piety under Trog
  6148 | D:6      | Reached XP level 9. HP: 79/79 MP: 8/8
  6785 | D:7      | Reached skill level 1 in Shields
  6984 | D:7      | Reached skill level 10 in Axes
  7231 | D:7      | Found a snail-covered altar of Cheibriados.
  7409 | D:8      | Found a glowing silver altar of Zin.
  7636 | D:8      | Lost mutation: You are somewhat resistant to further
                  | mutation. [potion of mutation]
  7636 | D:8      | Gained mutation: You expend magic power (3 MP) to
                  | strengthen your wands. [potion of mutation]
  7636 | D:8      | Gained mutation: Your magical capacity is low. (-10% MP)
                  | [potion of mutation]
  7636 | D:8      | Gained mutation: You occasionally shout uncontrollably at
                  | your foes. [potion of mutation]
  7636 | D:8      | Gained mutation: Your flesh is cold resistant. (rC+)
                  | [potion of mutation]
  7699 | D:8      | Found a sacrificial altar of Ru.
  7702 | D:8      | Found an ancient bone altar of Kikubaaqudgha.
  7705 | D:8      | Found a hide-covered altar of Uskayaw.
  7714 | D:8      | Found an opulent altar of Gozag.
  7737 | D:8      | Found a hazy altar of Hepliaklqana.
  7833 | D:8      | Reached skill level 11 in Axes
  8192 | D:9      | Noticed a troll
  8198 | D:9      | Killed a troll
  8198 | D:9      | Reached XP level 10. HP: 72/90 MP: 6/8
  8340 | D:9      | Noticed Grum
  8350 | D:9      | Killed Grum
  8942 | D:10     | Entered Level 10 of the Dungeon
  8949 | D:10     | Reached ***** piety under Trog
  8949 | D:10     | Reached skill level 12 in Axes
  9246 | D:10     | Noticed Fannar
  9254 | D:10     | Killed Fannar
  9404 | D:4      | Bought the +2 ring mail "Siohul" {rPois Str+3 Dex+6} for
                  | 617 gold pieces
  9482 | Temple   | Entered the Ecumenical Temple
  9975 | D:11     | Noticed a death yak
  9975 | D:11     | Noticed a death yak
  9979 | D:11     | Reached skill level 13 in Axes
  9980 | D:11     | Noticed a death yak
  9981 | D:11     | Reached skill level 10 in Fighting
  9986 | D:11     | Killed a death yak
  9986 | D:11     | Reached XP level 11. HP: 100/100 MP: 7/8
  9987 | D:11     | Killed a death yak
  9993 | D:11     | Killed a death yak
  9996 | D:11     | Noticed a seven-headed hydra
 10010 | D:11     | Killed a seven-headed hydra
 10269 | D:11     | Found a staircase to the Lair.
 10289 | D:11     | Noticed Erolcha
 10296 | D:11     | Reached skill level 14 in Axes
 10302 | D:11     | Killed Erolcha
 10375 | D:11     | Received a gift from Trog
 10377 | D:11     | Found a staircase to the Orcish Mines.
 10553 | D:11     | You fall through a shaft for 2 floors!
 10626 | D:13     | Noticed a purple ugly thing
 10633 | D:13     | Killed a purple ugly thing
 10637 | D:13     | Noticed a red ugly thing
 10644 | D:13     | Killed a red ugly thing
 10644 | D:13     | Reached skill level 15 in Axes
 10661 | D:13     | Noticed a +4 long sword
 10662 | D:13     | Noticed a +5 long sword
 10669 | D:13     | Killed a +4 long sword
 10671 | D:13     | Killed a +5 long sword
 10671 | D:13     | Reached XP level 12. HP: 48/110 MP: 4/9
 10919 | D:13     | Noticed a tengu warrior
 10935 | D:13     | Killed a tengu warrior
 11072 | D:13     | Found a gate to the Vaults.
 11119 | D:13     | Noticed Nessos
 11133 | D:13     | HP: 1/112 [Nessos/arrow (9)]
 11133 | D:13     | Shot with an arrow by Nessos

Skill      XL: |  1  2  3  4  5  6  7  8  9 10 11 12 |
---------------+-------------------------------------+-----
Fighting       | 4 5 6 7 8 10 11 12 | 12.0
Axes           | 4 5 6 7 9 11 13 15 | 15.8
Armour         | 3 4 5 6 8 9 |  9.4
Dodging        | 3 4 5 6 7 9 |  9.5
Shields        | 3 |  3.0

Action                   |  1- 3 |  4- 6 |  7- 9 | 10-12 || total
-------------------------+-------+-------+-------+-------++-------
Melee: Hand axe          |    81 |   158 |   155 |       ||   394
       Headbutt          |    13 |    22 |    53 |    57 ||   145
       Battleaxe         |       |       |    69 |   257 ||   326
       War axe           |       |       |    68 |       ||    68
Invok: Berserk           |     2 |     3 |     5 |     5 ||    15
       Trog's Hand       |       |       |     1 |     2 ||     3
       Brothers in Arms  |       |       |       |     3 ||     3
  Use: Scroll            |       |     6 |     6 |     5 ||    17
       Potion            |       |     7 |     1 |     1 ||     9
  Eat: Chunk             |     2 |     6 |    23 |     7 ||    38
       Ration            |     1 |     1 |     2 |     3 ||     7
Armor: Animal skin       |     7 |       |       |       ||     7
       Ring mail         |    14 |    10 |       |    64 ||    88
       Plate armour      |       |    81 |   165 |    80 ||   326
Dodge: Dodged            |    60 |    68 |   110 |   178 ||   416
Block: Shield            |       |       |    31 |       ||    31
